 Dungeon Crawl Stone Soup version 0.29-a0-111-gbaf749a769 (webtiles) character file.

Game seed: 11204720952929177098

408 lunkers the Firebug (level 6, 0/32 HPs)
             Began as a Deep Elf Fire Elementalist on Feb 17, 2022.
             Slain by a lemure (2 damage)
             ... led by Pikel
             ... on level 4 of the Dungeon.
             The game lasted 00:10:24 (4610 turns).

lunkers the Firebug (Deep Elf Fire Elementalist)    Turns: 4610, Time: 00:10:24

Health: 0/32       AC:  3    Str:  5    XL:     6   Next: 57%
Magic:  11/24      EV: 12    Int: 22    God:
Gold:   563        SH:  0    Dex: 15    Spells: 12/15 levels left

rFire   . . .      SeeInvis .   p - +1 dagger (venom)
rCold   . . .      Faith    .   (no shield)
rNeg    . . .      Spirit   .   a - +0 robe
rPois   .          Reflect  .   r - +0 helmet
rElec   .          Harm     .   (no cloak)
rCorr   .          Rampage  .   (no gloves)
Will    .....                   (no boots)
Stlth   ++........              (no amulet)
HPRegen 0.10/turn               k - ring of magical power
MPRegen 0.19/turn               (no ring)

@: no status effects
A: no striking features
a: no special abilities


You were on level 4 of the Dungeon.
You visited 1 branch of the dungeon, and saw 4 of its levels.

You collected 563 gold pieces.

Inventory:

Hand Weapons
 o - a +2 dagger of speed
 p - a +1 dagger of venom (weapon)
Armour
 a - a +0 robe (worn)
 r - a +0 helmet (worn)
Jewellery
 b - an amulet of guardian spirit
 k - a ring of magical power (left hand)
Scrolls
 c - a scroll of identify
 g - 3 scrolls of teleportation
 j - 2 scrolls of magic mapping
Potions
 d - a potion of brilliance
 e - a potion of heal wounds
 h - a potion of mutation
 i - 3 potions of curing
 n - a potion of cancellation
 q - a potion of lignification {unknown}
 t - a potion of flight {unknown}


   Skills:
 - Level 2.4 Dodging
 - Level 2.4 Stealth
 + Level 5.0 Spellcasting
 * Level 4.7 Conjurations
 * Level 5.7 Fire Magic


You had 12 spell levels left.
You knew the following spells:

 Your Spells              Type           Power      Damage    Failure   Level
a - Foxfire               Conj/Fire      100%       2x1d9     1%          1
b - Scorch                Fire           60%        2d8       1%          2

Your spell library contained the following spells:

 Spells                   Type           Power      Damage    Failure   Level
 Conjure Flame            Conj/Fire      28%        6-21      3%          3
 Inner Flame              Hex/Fire       18%        N/A       10%         3
 Flame Wave               Conj/Fire      28%        2d8       12%         4
 Sticky Flame             Conj/Fire      28%        2d5       12%         4
 Ignite Poison            Fire/Tmut/Pois 14%        N/A       14%         3


Dungeon Overview and Level Annotations

Branches:
Dungeon (4/15)
 Temple: D:4-7

Altars:
Elyvilon
Uskayaw
The Shining One

Annotations:
D:4 Pikel


Message History

* * * LOW HITPOINT WARNING * * *
Casting: Scorch (safe; 1% risk of failure)
Press: ? - help, Q - select action, (/) - cycle Dir - look around, f - activate Flames lash Pikel.
Pikel is burned terribly!
Pikel is heavily wounded.
Pikel barely misses you.
Casting: Scorch (safe; 1% risk of failure)
Press: ? - help, Q - select action, (/) - cycle Dir - look around, f - activate Flames lash the lemure.
The lemure is moderately wounded.
The lemure's fire resistance burns away.
Pikel hits you with a +0 whip of electrocution!
* * * LOW HITPOINT WARNING * * *
The lemure is no longer more vulnerable to fire.
Pikel misses you.
Pikel is no longer more vulnerable to fire.
Really walk into that dispersal trap?
You enter a dispersal trap!
Pikel blinks!
The lemure blinks!
Pikel blinks!
You blink.
Casting: Scorch (safe; 1% risk of failure)
Press: ? - help, Q - select action, (/) - cycle Dir - look around, f - activate Flames lash the lemure.
The lemure is heavily wounded.
The lemure's fire resistance burns away.
The lemure closely misses you.
Casting: Scorch (safe; 1% risk of failure)
Press: ? - help, Q - select action, (/) - cycle Dir - look around, f - activate Flames lash the lemure.
The lemure is heavily wounded.
The lemure hits you!
* * * LOW HITPOINT WARNING * * *
Casting: Scorch (safe; 1% risk of failure)
Press: ? - help, Q - select action, (/) - cycle Dir - look around, f - activate Flames lash the lemure.
The lemure is burned terribly!
The lemure is almost dead.
The lemure misses you. The lemure hits you.
* * * LOW HITPOINT WARNING * * *
The lemure hits you.
You die...

........#.........#
#............
.....#.)#..########
#...........# .### #.....#
#...........# #.#...#
########...^.###.### #.....#
#.............##.# ####..#
#.............รท..# #.>#
#...5.........#### #####.#
#...5K.5......# #...#.#
##.@.....#....######
#.#.#.####.......##..##.55..
#.....................#.###.
###########.###..<.......##.
#.# #.##.......##5
#.###.##.......#.5
#.....#...######..
#######.#.# #.. #....#....#
#.#


You could see Pikel and 3 lemures.

Vanquished Creatures
  A black bear (D:4)
  An ogre (D:4)
  A lemure (D:4)
  A bullfrog zombie (D:4)
  Jessica (D:3)
  A hound skeleton (D:4)
  Robin (D:3)
  A gnoll (D:1)
  6 adders
  2 worms
  5 orcs (D:3)
  6 endoplasms
  A giant cockroach (D:2)
  14 goblins
  4 hobgoblins
  A quokka (D:2)
  8 ball pythons
  6 bats
  2 frilled lizards (D:2)
  A goblin skeleton (D:3)
  A goblin zombie (D:3)
  2 hobgoblin zombies (D:3)
  5 kobolds
  A kobold skeleton (D:3)
  A kobold zombie (D:3)
  An orc skeleton (D:3)
  An orc zombie (D:3)
  6 rats
82 creatures vanquished.

Vanquished Creatures (collateral kills)
  2 foxfires (D:1)
2 creatures vanquished.

Vanquished Creatures (others)
  54 foxfires
54 creatures vanquished.

Grand Total: 138 creatures vanquished

Notes
Turn   | Place    | Note
-------+----------+-------------------------------------------
     0 | D:1      | lunkers the Deep Elf Fire Elementalist began the quest for
                  | the Orb.
     0 | D:1      | Reached XP level 1. HP: 10/10 MP: 6/6
   358 | D:1      | Reached XP level 2. HP: 7/15 MP: 6/8
   899 | D:1      | Found a faded altar of an unknown god.
  1114 | D:1      | Reached XP level 3. HP: 18/19 MP: 7/9
  1117 | D:1      | Learned a level 2 spell: Scorch
  2439 | D:3      | Reached XP level 4. HP: 24/24 MP: 11/11
  2620 | D:2      | Identified a scroll of acquirement
  2620 | D:2      | Acquired 394 gold pieces
  2938 | D:3      | Noticed Jessica
  3074 | D:3      | Killed Jessica
  3333 | D:3      | Found a hide-covered altar of Uskayaw.
  3465 | D:3      | Noticed Robin
  3471 | D:3      | Killed Robin
  3472 | D:3      | Reached XP level 5. HP: 28/28 MP: 13/13
  3632 | D:3      | Found a white marble altar of Elyvilon.
  3886 | D:3      | Found a glowing golden altar of the Shining One.
  4178 | D:4      | Reached skill level 5 in Fire Magic
  4266 | D:4      | Noticed a black bear
  4271 | D:4      | Killed a black bear
  4272 | D:4      | Reached XP level 6. HP: 29/32 MP: 15/15
  4454 | D:4      | Reached skill level 5 in Spellcasting
  4584 | D:4      | Noticed Pikel
  4610 | D:4      | Slain by a lemure

Illustrated notes

Levels and vault maps discovered:
D:1:      dpeg_arrival_chambers_temple_mockup, layout_loops_ring,
          shapermc_ecumenical_altar_gd, minmay_misc_feat_x
D:2:      layout_loops_ring
D:3:      layout_loops_cross, elyvilon_altar_4, nicolae_tso_besieged_by_evil,
          overflow_temple_1_default, uniq_robin, uniq_jessica
D:4:      layout_basic, uniq_pikel, uniq_ijyb, uniq_eustachio

Skill      XL: |  1  2  3  4  5  6 |
---------------+-------------------+-----
Conjurations   | 2 3 4 |  4.7
Fire Magic     | 4 5 |  5.7
Spellcasting   | 4 5 |  5.0
Dodging        | |  2.4
Stealth        | |  2.4

Action                   |  1- 3 |  4- 6 || total
-------------------------+-------+-------++-------
Melee: Dagger            |       |    37 ||    37
       Punch             |       |     1 ||     1
 Cast: Foxfire           |    31 |     2 ||    33
       Scorch            |    28 |    80 ||   108
  Use: Scroll            |       |    12 ||    12
Armor: Robe              |     2 |     8 ||    10
Dodge: Dodged            |     5 |    33 ||    38

Table legend: (Time is in decaauts)
 A = Elapsed time spent in this place.
 B = Non-inter-level travel time spent in this place.
 C = Inter-level travel time spent in this place.
 D = Time resting spent in this place.
 E = Time spent auto-exploring this place.
 F = Levels seen in this place.
 G = Mean time per level.
                   A        B        C        D        E       F      G
               +--------+--------+--------+--------+--------+-----+--------+
         Total |   4605 |   4399 |    206 |    326 |   3514 |   4 | 1151.2 |
       Dungeon |   4605 |   4399 |    206 |    326 |   3514 |   4 | 1151.2 |
               +--------+--------+--------+--------+--------+-----+--------+

Top non-repeatable levels by time:
     D:2: 1780 daAuts
     D:1: 1215 daAuts
     D:3: 1170 daAuts
     D:4: 438 daAuts
